AoeStats
← santialsina95

Arabia

507202127Analyzed
1v1 RM · 16d ago on Sep 17, 2026· 48m 58s· 2 players
Game mode
Random Map
Map size
Tiny (2 player)
Population
200
Speed
Normal
Resources
Standard
Victory
Conquest
Starting age
Dark Age
Ending age
Imperial Age
RankedLock teamsTeams togetherTeam positionsShared explorationLock speedFull tech treeHidden civsTurbo modeCheats
Victory
Defeat
🇨🇴 Vietnamese · Colombia
479
+15
🇦🇷 Chinese · Argentina
455
-15
santialsina95
0:45 Loom
13:11 Feudal Age
21:42 Castle Age
19:49 Fletching
22:28 Double-Bit Axe
22:57 Thumb Ring
23:23 Gold Mining
24:50 Bodkin Arrow
25:32 Padded Archer Armor
27:25 Ballistics
28:29 Gold Shaft Mining
27:46 Stone Mining
35:35 Imperial Age
33:52 Guard Tower
35:55 Wheelbarrow
35:16 Horse Collar
40:39 Pikeman
41:20 Squires
42:15 Halberdier
43:16 Elite Chu Ko Nu
46:05 Scale Barding Armor
FearsomeBadge81
0:28 Loom
11:05 Feudal Age
11:34 Horse Collar
11:41 Double-Bit Axe
12:33 Wheelbarrow
11:43 Town Watch
13:08 Wheelbarrow
13:51 Town Watch
21:43 Castle Age
19:45 Arson
21:18 Stone Mining
21:20 Gold Mining
22:44 Heavy Plow
22:56 Bow Saw
23:07 Hand Cart
23:13 Town Patrol
25:53 Forging
28:47 Fletching
29:32 Iron Casting
29:04 Scale Barding Armor
28:59 Scale Mail Armor
29:06 Padded Archer Armor
29:07 Scale Mail Armor
31:19 Ballistics
30:55 Murder Holes
31:11 Fortified Wall
30:50 Elite Skirmisher
33:53 Bodkin Arrow
34:33 Thumb Ring
35:44 Bloodlines
35:34 Husbandry
36:23 Husbandry
39:24 Leather Archer Armor
45:05 Imperial Age
44:27 Chain Barding Armor
44:22 Chain Mail Armor
46:23 Bracer
46:58 Plate Barding Armor
46:59 Ring Archer Armor
Connection lost

Rejoining the realm…

Still unreachable

The connection could not be restored.

Session expired

The server has moved on; the page needs a fresh start.